 Dungeon Crawl Stone Soup version 0.28-a0-851-g8b9cc49659 (webtiles) character file.

Game seed: 5196270364366847307

121426 pokeman the Sorcerer (level 16, -4/92 HPs)
             Began as a Deep Elf Hedge Wizard on Nov 13, 2021.
             Was the Champion of Vehumet.
             Killed from afar by a manticore (19 damage)
             ... with a volley of spikes
             ... on level 1 of the Shoals on Nov 14, 2021.
             The game lasted 01:57:35 (35768 turns).

pokeman the Sorcerer (Deep Elf Hedge Wizard)       Turns: 35768, Time: 01:57:36

Health: -4/92      AC: 17    Str:  8    XL:     16   Next: 32%
Magic:  38/63      EV:  8    Int: 29    God:    Vehumet [******]
Gold:   2225       SH:  4    Dex:  9    Spells: 38/62 levels left

rFire   + + +      SeeInvis +   h - +8 double sword of Osuguxud {freeze, MP+9 Str-4 Int+2 Stlth+}
rCold   x . .      Faith    .   X - +0 buckler {rF+}
rNeg    . . .      Spirit   .   B - +0 fire dragon scales
rPois   +          Reflect  .   g - +0 helmet "Fylacw" {rElec MP+9}
rElec   +          Harm     .   u - +0 cloak
rCorr   .          Rampage  .   v - +0 pair of gloves
Will    +....                   k - +2 pair of boots
Stlth   ++........              d - amulet of regeneration
HPRegen 1.25/turn               P - ring of flight
MPRegen 0.38/turn               K - ring "Nast" {Wiz rPois Str+5 Dex-5 SInv}

@: spiked, flying, studying 2 skills
A: no striking features
a: Renounce Religion


You were on level 1 of the Shoals.
You worshipped Vehumet.
Vehumet was exalted by your worship.
You visited 5 branches of the dungeon, and saw 25 of its levels.
You also visited: Ice Cave and Volcano.

You collected 2429 gold pieces.
You spent 204 gold pieces at shops.

Inventory:

Hand Weapons
 f - the +6 long sword of the Muttering Traitor {flame, *Noise rC+++ Will+++ Int-3}
   (You found it on level 5 of the Lair of Beasts)

   It burns those it strikes, dealing additional fire damage.
   Big, fiery blades are also staple armaments of hydra-hunters.
   Int:       It affects your intelligence (-3).
   rC:        It renders you almost immune to cold.
   *Noise:    It may make noises in combat.
   Will:      It greatly increases your willpower.
 h - the +8 double sword of Osuguxud (weapon) {freeze, MP+9 Str-4 Int+2 Stlth+}
   (You found it on level 6 of the Lair of Beasts)

   It freezes those it strikes, dealing additional cold damage.
   It can also slow down cold-blooded creatures.
   Str:       It affects your strength (-4).
   Int:       It affects your intelligence (+2).
   MP:        It affects your magic capacity (+9).
   Stlth:     It makes you more stealthy.
 m - a +1 war axe of venom
 T - a +2 hand crossbow of freezing
Missiles
 n - a throwing net
 y - 332 bolts
Armour
 g - the +0 helmet "Fylacw" (worn) {rElec MP+9}
   (You found it on level 6 of the Lair of Beasts)

   rElec:     It insulates you from electricity.
   MP:        It affects your magic capacity (+9).
 k - a +2 pair of boots (worn)
 u - a +0 cloak (worn)
 v - a +0 pair of gloves (worn)
 B - +0 fire dragon scales (worn)
 X - a +0 buckler of fire resistance (worn)
Jewellery
 a - an amulet of faith
 d - an amulet of regeneration (around neck)
 i - an amulet of the acrobat
 F - a +4 ring of protection
 K - the ring "Nast" (right hand) {Wiz rPois Str+5 Dex-5 SInv}
   (You found it on level 15 of the Dungeon)

   [ring of wizardry]

   It improves your spell success rate.
   Str:       It affects your strength (+5).
   Dex:       It affects your dexterity (-5).
   rPois:     It protects you from poison.
   SInv:      It lets you see invisible.
 P - a ring of flight (left hand)
Wands
 c - a wand of flame (26)
 A - a wand of digging (16)
 E - a wand of acid (6)
Scrolls
 o - a scroll of summoning
 w - 4 scrolls of blinking
 x - 2 scrolls of magic mapping
 z - 9 scrolls of teleportation
 G - 6 scrolls of fog
 I - 3 scrolls of acquirement
 O - 5 scrolls of amnesia
 V - a scroll of silence {unknown}
Potions
 b - a potion of cancellation
 e - 3 potions of flight
 j - 2 potions of invisibility
 q - 6 potions of curing
 t - 3 potions of resistance {unknown}
 D - 3 potions of lignification {unknown}
 Q - 6 potions of brilliance {unknown}
 R - 4 potions of heal wounds
 U - a potion of haste {unknown}
Miscellaneous
 l - a tin of tremorstones (2/2)
 r - a phial of floods
 H - a lightning rod (4/4)


   Skills:
 + Level 7.4 Fighting
 - Level 7.0 Armour
 - Level 3.0 Dodging
 - Level 4.1 Stealth
 - Level 4.5 Shields
 * Level 23.9 Spellcasting
 + Level 14.7 Conjurations
 - Level 1.1 Summonings
 - Level 1.0 Necromancy
 - Level 1.1 Translocations
 + Level 14.3 Fire Magic
 - Level 1.0 Ice Magic
 - Level 1.0 Air Magic
 - Level 1.1 Earth Magic
 - Level 1.0 Poison Magic
 - Level 1.2 Evocations


You had 38 spell levels left.
You knew the following spells:

 Your Spells              Type           Power      Damage    Failure   Level
a - Magic Dart            Conj           100%       1d8       0%          1
b - Mephitic Cloud        Conj/Pois/Air  61%        N/A       1%          3
c - Call Imp              Summ           41%        N/A       4%          2
d - Blink                 Tloc           82%        N/A       4%          2
e - Conjure Flame         Conj/Fire      87%        6-21      1%          3
f - Fireball              Conj/Fire      43%        3d17      1%          5
g - Stone Arrow           Conj/Erth      100%       3d13      1%          3
h - Freezing Cloud        Conj/Ice/Air   30%        6-21      3%          5

Your spell library contained the following spells:

 Spells                   Type           Power      Damage    Failure   Level
 Orb of Destruction       Conj           44%        9d14      2%          7
 Freeze                   Ice            100%       1d11      1%          1
 Sandblast                Erth           82%        2d17      1%          1
 Poisonous Vapours        Pois/Air       80%        N/A       1%          2
 Searing Ray              Conj           100%       2d8       1%          2
 Fulminant Prism          Conj/Hex       33%        3d16      1%          4
 Hailstorm                Conj/Ice       69%        3d14      1%          4
 Irradiate                Conj/Tmut      33%        3d24      1%          5
 Summon Small Mammal      Summ           100%       N/A       2%          1
 Frozen Ramparts          Ice            80%        1d10      2%          3
 Sting                    Tmut/Pois      100%       1d8       3%          1
 Slow                     Hex            100%       N/A       4%          1
 Ensorcelled Hibernation  Hex/Ice        74%        N/A       4%          2
 Passwall                 Tmut/Erth      31%        N/A       4%          2
 Sublimation of Blood     Necr           41%        N/A       4%          2
 Wereblood                Tmut           34%        N/A       6%          2
 Call Canine Familiar     Summ           41%        N/A       8%          3
 Lesser Beckoning         Tloc           41%        N/A       8%          3
 Olgreb's Toxic Radiance  Pois           40%        N/A       8%          4
 Spider Form              Tmut/Pois      37%        N/A       10%         3
 Summon Guardian Golem    Hex/Summ       37%        N/A       10%         3
 Tukima's Dance           Hex            34%        N/A       12%         3
 Lee's Rapid Deconstruct  Erth           20%        3d13*     17%         5
 Passage of Golubria      Tloc           41%        N/A       24%         4
 Summon Lightning Spire   Summ/Air       40%        N/A       26%         4
 Yara's Violent Unravell  Hex/Tmut       17%        3d8       26%         5
 Leda's Liquefaction      Hex/Erth       19%        N/A       30%         4
 Petrify                  Tmut/Erth      38%        N/A       30%         4
 Borgnjor's Vile Clutch   Necr/Erth      20%        N/A       52%         5
 Manifold Assault         Tloc           41%        N/A       52%         5
 Summon Forest            Summ/Tloc      20%        N/A       52%         5
 Alistair's Intoxication  Tmut/Pois      24%        N/A       61%         5
 Summon Mana Viper        Hex/Summ       37%        N/A       61%         5
 Eringya's Noxious Bog    Tmut/Pois      18%        N/A       69%         6
 Summon Cactus Giant      Summ           20%        N/A       97%         6
 Statue Form              Tmut/Erth      25%        N/A       99%         6
 Storm Form               Tmut/Air       18%        N/A       100%        7
 Summon Hydra             Summ           20%        N/A       100%        7
 Maxwell's Capacitive Co  Air            20%        ∞         100%        8


Dungeon Overview and Level Annotations

Branches:
Dungeon (15/15)            Temple (1/1) D:5            Lair (6/6) D:8
 Shoals (1/4) Lair:2       Spider (0/4) Lair:2        Slime (0/5) Lair:5
    Orc (2/2) D:9             Elf (0/3) Orc:2        Vaults (0/5) D:13
 Depths (0/4) D:15          IceCv (visited)         Volcano (visited)

Altars:
Dithmenos
Elyvilon
Fedhas
Hepliaklqana
Kikubaaqudgha
Okawaru
Sif Muna
Trog
Uskayaw
Vehumet
Wu Jian
Yredelemnul
Zin
The Shining One
Beogh
Jiyva

Shops:
D:6 *   D:15 *   Orc:2 [[=?:[

Portals:
Trove: D:15 (give 13 potions of heal wounds)

Annotations:
D:5 1 runed translucent door
Lair:5 1 runed translucent door


Message History

Casting: Stone Arrow (safe; 1% risk of failure)
Confirm with . or Enter, or press ? or * to list all spells.
Aiming: Freezing Cloud (dangerous; 3% risk of failure)
Press: ? - help, Dir - move target The manticore bites you but does no damage.
The manticore claws you!
* * * LOW HITPOINT WARNING * * *
The manticore claws you.
* * * LOW HITPOINT WARNING * * *
The snapping turtle barely misses you.
A sea snake comes into view.
The merfolk avatar is engulfed in freezing vapours.
The merfolk avatar chants its luring song.
Unknown command.
Casting: Freezing Cloud (dangerous; 3% risk of failure)
Confirm with . or Enter, or press ? or * to list all spells.
You blink.
You break out of your daze!
The manticore flicks its tail.
The volley of spikes misses you.
The merfolk hits you from afar with a +0 trident!
* * * LOW HITPOINT WARNING * * *
Okay, then.
Unknown command.
You feel stable enough to blink again.
The manticore flicks its tail.
The volley of spikes hits you but does no damage.
Casting: Blink (safe; 4% risk of failure)
Confirm with . or Enter, or press ? or * to list all spells.
Aiming: Mephitic Cloud (safe; 1% risk of failure)
Press: ? - help, Shift-Dir - straight line, f - merfolk
Aim: a merfolk, wielding a +0 trident and quivering boomerangs (chance to affect: 53%)
The ball explodes into a vile cloud!
The stinking cloud engulfs the merfolk but does no damage.
The merfolk is engulfed in noxious fumes.
You block the merfolk's attack.
The manticore flicks its tail.
The volley of spikes hits you!!
The barbed spikes become lodged in your body.
You die...

≈≈≈≈≈≈≈≈≈≈≈≈≈≈≈
≈≈≈≈≈≈≈≈≈≈≈≈≈≈≈≈
≈≈≈≈≈≈≈≈≈≈≈≈≈≈≈≈
≈≈≈≈≈≈≈≈≈≈≈≈≈≈≈≈
≈≈≈≈≈≈≈≈≈≈≈≈≈≈≈≈
≈≈≈≈≈≈≈≈≈≈≈≈≈≈≈≈≈≈≈
≈≈≈≈≈≈≈≈≈≈≈≈≈≈≈≈≈≈≈
≈≈≈.≈§§☼@≈≈≈≈≈≈≈≈≈≈
.≈....m§..≈≈≈≈≈≈≈≈≈
.....§§☼..≈..≈≈≈≈≈≈
....##..)....≈≈≈≈≈≈
..≈ #.....)≈≈≈≈≈≈≈
.. ##.S≈t≈H≈≈≈≈≈.
.###..).<.≈≈≈≈..
.S....≈).)≈≈≈≈.≈
............≈≈≈≈


You could see a sea snake, a snapping turtle, a merfolk and a manticore.

Vanquished Creatures
  Rupert (Lair:3)
  Frances (D:14)
  Gastronok (Lair:3)
  Agnes (D:14)
  A fire giant (D:15)
  An orc warlord (D:9)
  The ghost of AltoTato the Impaler, a journeyman DrBe of Trog (Lair:4)
  3 dire elephants (Lair:6)
  Snorg (Lair:3)
  2 fire dragons
  Harold (D:7)
  6 boulder beetles
  A catoblepas (D:11)
  Erolcha (Orc:2)
  2 ironbound frosthearts (IceCv)
  7 centaur warriors
  8 hydras
  7 two-headed ogres
  2 dancing weapons (D:13)
  4 death yaks
  A merfolk aquamancer (Shoals:1)
  A hell hog (Volcano)
  A tengu warrior (D:13)
  Sonja (Orc:2)
  Nergalle (D:12)
  A spectral anaconda (Lair:6)
  A sea snake (Shoals:1)
  3 skeletal warriors (D:13)
  2 spectral death yaks (Lair:6)
  A deep troll (Orc:2)
  2 obsidian statues
  5 orc knights
  Pikel (D:9)
  4 deep elf pyromancers
  3 necromancers (Lair:6)
  A wolf spider (D:11)
  A manticore (D:13)
  6 ugly things
  12 orc sorcerers (Orc:2)
  9 slime creatures
  6 elephants (Lair:6)
  2 centaur zombies
  9 cyclopes
  A dire elephant zombie (Lair:6)
  Joseph (D:9)
  A merfolk siren (Shoals:1)
  An ice statue (IceCv)
  4 black mambas
  3 gargoyles
  16 cane toads
  3 torpor snails
  An unseen horror (D:13)
  A dire elephant skeleton (Lair:6)
  13 komodo dragons
  2 rime drakes (Lair:4)
  Maggie (D:7)
  3 kobold demonologists
  2 yaktaurs
  An efreet (D:14)
  3 freezing wraiths
  2 ice devils (D:11)
  A queen bee (Lair:1)
  6 meliai
  11 trolls
  9 polar bears (IceCv)
  A jumping spider (Lair:2)
  A hornet (D:8)
  2 merfolk (Shoals:1)
  13 blink frogs
  3 dream sheep (Lair:5)
  A centaur simulacrum (D:15)
  Sigmund (D:6)
  A redback (Lair:2)
  A shadow (D:11)
  A vampire (D:11)
  2 water elementals (Shoals:1)
  3 wraiths
  63 yaks
  9 fire bats
  4 basilisks
  7 vampire mosquitoes
  6 wyverns
  A human (shapeshifter) (D:14)
  3 steam dragons
  A death yak simulacrum (Lair:6)
  4 spectral cane toads (Lair:6)
  6 wargs
  3 acid dragons
  Edmund (D:5)
  20 water moccasins
  2 hell hounds (Volcano)
  4 black bears
  22 orc warriors
  An ice beast (D:5)
  An elephant zombie (Lair:6)
  6 ogres
  24 centaurs
  32 wolves
  2 phantoms (D:5)
  3 kobold brigands
  3 scorpions
  16 bullfrogs
  2 wyvern zombies
  2 cane toad simulacra (Lair:6)
  A water moccasin zombie (D:5)
  The ghost of sirJeffrey23 the Skirmisher, a weakling DsBe of Trog (D:5)
  An elephant simulacrum (Lair:6)
  23 killer bees
  3 wights
  9 howler monkeys
  A crimson imp (D:4)
  7 lava snakes (Volcano)
  3 hounds
  2 jellies (D:6)
  8 orc priests
  Crazy Yiuf (D:4)
  2 gnoll shamans
  39 orc wizards
  5 hell rats (Lair:5)
  2 howler monkey zombies
  6 gnolls
  8 adders
  A white imp (D:4)
  An ufetubus (D:6)
  3 worms
  2 dart slugs (D:1)
  68 orcs
  6 ball pythons
  7 bats
  2 endoplasms
  4 giant cockroaches
  4 goblins
  4 hobgoblins
  2 jackals (D:2)
  20 kobolds
  5 quokkas
  A frilled lizard (D:1)
  A quokka skeleton (D:4)
  12 rats
  A bush (Lair:4)
756 creatures vanquished.

Vanquished Creatures (collateral kills)
  A two-headed ogre (D:8)
  A yak (IceCv)
  3 killer bees
  An adder (D:5)
  An orc (D:8)
  2 jackals (D:2)
  2 quokkas
  A kobold (D:9)
12 creatures vanquished.

Vanquished Creatures (others)
  An electric eel (D:7)
  An orc wizard (Orc:2)
  A kobold (D:8)
  A butterfly (D:8)
  21 fungi
  59 plants
  26 withered plants (Lair:6)
110 creatures vanquished.

Grand Total: 878 creatures vanquished

Notes
Turn   | Place    | Note
-------+----------+-------------------------------------------
     0 | D:1      | pokeman the Deep Elf Hedge Wizard began the quest for the
                  | Orb.
     0 | D:1      | Reached XP level 1. HP: 10/10 MP: 7/7
   332 | D:1      | Reached XP level 2. HP: 15/15 MP: 7/9
   795 | D:1      | Reached skill level 5 in Spellcasting
  1327 | D:2      | Reached XP level 3. HP: 20/20 MP: 9/11
  1331 | D:2      | Learned a level 3 spell: Mephitic Cloud
  1334 | D:2      | Learned a level 2 spell: Call Imp
  1337 | D:2      | Learned a level 2 spell: Blink
  1341 | D:2      | Learned a level 3 spell: Conjure Flame
  2027 | D:2      | Reached skill level 1 in Fighting
  2138 | D:2      | Reached skill level 1 in Armour
  2477 | D:2      | Reached XP level 4. HP: 25/25 MP: 8/13
  2525 | D:2      | Found a faded altar of an unknown god.
  2908 | D:3      | Found a hide-covered altar of Uskayaw.
  2934 | D:3      | Found a bloodstained altar of Trog.
  2935 | D:3      | Found a shadowy altar of Dithmenos.
  2935 | D:3      | Found a shimmering blue altar of Sif Muna.
  3046 | D:3      | Reached skill level 1 in Fire Magic
  3181 | D:3      | Found a radiant altar of Vehumet.
  3190 | D:3      | Became a worshipper of Vehumet
  3239 | D:3      | Reached skill level 6 in Spellcasting
  3239 | D:3      | Reached XP level 5. HP: 29/29 MP: 10/15
  3278 | D:3      | Reached skill level 1 in Air Magic
  3749 | D:4      | Reached skill level 1 in Poison Magic
  3749 | D:4      | Reached XP level 6. HP: 22/34 MP: 1/17
  4088 | D:4      | Reached skill level 7 in Spellcasting
  4175 | D:4      | Reached * piety under Vehumet
  4175 | D:4      | Offered knowledge of Freeze by Vehumet.
  4181 | D:4      | Reached skill level 1 in Evocations
  4387 | D:4      | Identified the +5 mace of Origottub {antimagic, Contam
                  | rPois rC+ Int+9}
  4403 | D:4      | Found a runed translucent door.
  4404 | D:4      | Noticed Crazy Yiuf
  4941 | D:4      | Killed Crazy Yiuf
  4990 | D:5      | Entered Level 5 of the Dungeon
  5020 | D:5      | Noticed an ice beast
  5047 | D:5      | Killed an ice beast
  5048 | D:5      | Reached XP level 7. HP: 38/38 MP: 6/20
  5225 | D:5      | Found an iron altar of Okawaru.
  5385 | D:5      | Reached skill level 8 in Spellcasting
  5449 | D:5      | Found a runed translucent door.
  5472 | D:5      | Found a staircase to the Ecumenical Temple.
  5489 | D:5      | Found a runed translucent door.
  5554 | D:5      | Noticed sirJeffrey23's ghost (weakling DsBe)
  6086 | D:5      | Found a blossoming altar of Fedhas.
  6500 | D:5      | Reached skill level 9 in Spellcasting
  6500 | D:5      | Reached XP level 8. HP: 36/44 MP: 23/23
  6533 | D:5      | Killed sirJeffrey23's ghost
  6646 | D:6      | Noticed Edmund
  6667 | D:5      | Killed Edmund
  6877 | D:6      | Found Jaballeo's Assorted Antiques.
  6966 | D:6      | Reached skill level 5 in Conjurations
  7233 | D:6      | Noticed Sigmund
  7242 | D:6      | Offered knowledge of Scorch by Vehumet.
  7250 | D:6      | Reached ** piety under Vehumet
  7271 | D:6      | Killed Sigmund
  7272 | D:6      | Reached skill level 10 in Spellcasting
  7473 | D:6      | Found a glowing silver altar of Zin.
  7920 | D:7      | Noticed Harold
  8039 | D:7      | Reached XP level 9. HP: 41/48 MP: 17/25
  8041 | D:7      | Killed Harold
  8042 | D:7      | Reached skill level 11 in Spellcasting
  8144 | D:7      | Noticed Maggie
  8164 | D:7      | Killed Maggie
  8165 | D:7      | Reached skill level 5 in Fire Magic
  8719 | D:7      | Reached skill level 12 in Spellcasting
  9253 | D:8      | Noticed a two-headed ogre
  9272 | D:8      | Killed a two-headed ogre
  9273 | D:8      | Reached XP level 10. HP: 14/56 MP: 14/28
  9591 | D:8      | Upgraded the game from 0.28-a0-850-g09de17f5b5 to
                  | 0.28-a0-851-g8b9cc49659
  9630 | D:8      | Found a white marble altar of Elyvilon.
  9660 | D:8      | Found a staircase to the Lair.
  9723 | D:8      | Reached skill level 13 in Spellcasting
  9815 | D:8      | Offered knowledge of Stone Arrow by Vehumet.
  9821 | D:8      | Learned a level 3 spell: Stone Arrow
 10077 | D:7      | Reached *** piety under Vehumet
 10462 | D:8      | Found a glowing golden altar of the Shining One.
 10720 | D:9      | Reached skill level 1 in Earth Magic
 11024 | D:9      | Reached skill level 14 in Spellcasting
 11247 | D:9      | Noticed Joseph
 11264 | D:9      | Killed Joseph
 11283 | D:9      | Found a staircase to the Orcish Mines.
 11580 | D:9      | Offered knowledge of Inner Flame by Vehumet.
 11898 | D:9      | Noticed Pikel
 11917 | D:9      | Killed Pikel
 11918 | D:9      | Reached XP level 11. HP: 61/61 MP: 24/31
 12210 | D:9      | Identified the +2 ring mail of Insurance {*Slow Int+5
                  | Dex+2}
 12391 | D:10     | Entered Level 10 of the Dungeon
 12915 | D:10     | Reached skill level 15 in Spellcasting
 13030 | D:10     | Noticed a two-headed ogre
 13044 | D:10     | Killed a two-headed ogre
 13336 | D:11     | Found a frozen archway.
 13435 | IceCv    | Entered an ice cave
 13457 | IceCv    | Reached **** piety under Vehumet
 13458 | IceCv    | Reached skill level 5 in Armour
 13466 | IceCv    | HP: 3/61 [wolf (7)]
 13539 | IceCv    | Noticed a death yak
 13539 | IceCv    | Noticed a death yak
 13547 | IceCv    | Killed a death yak
 13556 | IceCv    | Killed a death yak
 13939 | IceCv    | Reached skill level 16 in Spellcasting
 14068 | IceCv    | Noticed a death yak
 14082 | IceCv    | Offered knowledge of Freezing Cloud by Vehumet.
 14092 | IceCv    | Killed a death yak
 14095 | IceCv    | Reached XP level 12. HP: 23/66 MP: 17/34
 14103 | IceCv    | Learned a level 5 spell: Freezing Cloud
 14208 | IceCv    | Reached skill level 1 in Ice Magic
 14375 | IceCv    | Noticed an ironbound frostheart
 14395 | IceCv    | Killed an ironbound frostheart
 14529 | IceCv    | Reached skill level 10 in Conjurations
 14598 | IceCv    | Noticed an ironbound frostheart
 14609 | IceCv    | Killed an ironbound frostheart
 14610 | IceCv    | Reached skill level 17 in Spellcasting
 15134 | D:11     | Noticed a boulder beetle
 15162 | D:11     | Killed a boulder beetle
 15506 | D:11     | Reached ***** piety under Vehumet
 15608 | D:11     | Offered knowledge of Iron Shot by Vehumet.
 15725 | D:11     | Noticed a catoblepas
 15730 | D:11     | Noticed an eight-headed hydra
 15732 | D:11     | Reached skill level 1 in Necromancy
 15740 | D:11     | Killed a catoblepas
 15759 | D:11     | Killed an eight-headed hydra
 15760 | D:11     | Reached skill level 10 in Fire Magic
 15775 | D:11     | Noticed a two-headed ogre
 15799 | D:11     | Reached skill level 18 in Spellcasting
 15973 | D:11     | Killed a two-headed ogre
 16104 | D:11     | Noticed an eight-headed hydra
 16111 | D:11     | Killed an eight-headed hydra
 16190 | D:11     | Noticed a boulder beetle
 16198 | D:11     | Killed a boulder beetle
 16199 | D:11     | Reached XP level 13. HP: 70/70 MP: 21/37
 17100 | Temple   | Entered the Ecumenical Temple
 17841 | D:12     | Noticed Nergalle
 17849 | D:12     | Killed Nergalle
 18419 | D:12     | Reached skill level 19 in Spellcasting
 18744 | D:13     | Found a gate to the Vaults.
 18850 | D:13     | Reached skill level 5 in Fighting
 20408 | D:14     | Noticed Agnes
 20939 | D:14     | Noticed Frances
 20950 | D:14     | Killed Frances
 20951 | D:14     | Reached skill level 20 in Spellcasting
 21103 | D:14     | Noticed a fire dragon
 21109 | D:14     | Killed a fire dragon
 21110 | D:14     | Reached XP level 14. HP: 65/79 MP: 23/40
 21115 | D:14     | Offered knowledge of Sticky Flame by Vehumet.
 21407 | D:14     | Killed Agnes
 22270 | D:15     | Entered Level 15 of the Dungeon
 22285 | D:15     | Found a staircase to the Depths.
 22286 | D:15     | Noticed a fire giant
 22300 | D:15     | Killed a fire giant
 22686 | D:15     | Found a portal to a secret trove of treasure.
 22687 | D:15     | Found Adoufue's General Store.
 22808 | D:15     | Identified the ring "Nast" {Wiz rPois Str+5 Dex-5 SInv}
 23323 | D:15     | Found a faded altar of an unknown god.
 23324 | D:15     | Found a faded altar of an unknown god.
 23326 | D:15     | Found a hazy altar of Hepliaklqana.
 23326 | D:15     | Found a faded altar of an unknown god.
 23635 | Lair:1   | Entered Level 1 of the Lair of Beasts
 23637 | Lair:1   | Found an ornate altar of the Wu Jian Council.
 23705 | Lair:1   | Found a hide-covered altar of Uskayaw.
 24045 | Lair:1   | Reached skill level 21 in Spellcasting
 25096 | Lair:2   | Found a hole to the Spider Nest.
 25756 | Lair:2   | Found a staircase to the Shoals.
 26195 | Lair:3   | Noticed Rupert
 26221 | Lair:3   | Noticed Snorg
 26436 | Lair:3   | You fall into a shaft and drop 2 floors!
 26443 | Lair:5   | Reached skill level 1 in Shields
 26496 | Lair:5   | Found a dark tunnel.
 26498 | Lair:5   | Offered knowledge of Lightning Bolt by Vehumet.
 26537 | Volcano  | Entered a volcano
 26863 | Volcano  | Reached XP level 15. HP: 63/86 MP: 39/42
 26896 | Volcano  | Found a bloodstained altar of Trog.
 27352 | Lair:3   | Killed Snorg
 27353 | Lair:3   | Reached skill level 22 in Spellcasting
 27401 | Lair:3   | Paralysed by Rupert for 3 turns
 27412 | Lair:3   | Paralysed by Rupert for 5 turns
 27430 | Lair:3   | Killed Rupert
 27573 | Lair:3   | Noticed Gastronok
 27583 | Lair:3   | Killed Gastronok
 28857 | Lair:4   | Found a runed translucent door.
 28859 | Lair:4   | Noticed AltoTato's ghost (journeyman DrBe)
 29352 | Lair:4   | Killed AltoTato's ghost
 29708 | Lair:5   | Identified the +6 long sword of the Muttering Traitor
                  | {flame, *Noise rC+++ Will+++ Int-3}
 29733 | Lair:5   | Found a runed translucent door.
 29733 | Lair:5   | Found a viscous altar of Jiyva.
 29736 | Lair:5   | Found a staircase to the Slime Pits.
 29737 | Lair:5   | Noticed an acid blob
 30454 | Lair:6   | Entered Level 6 of the Lair of Beasts
 31035 | Lair:6   | Offered knowledge of Ozocubu's Refrigeration by Vehumet.
 31295 | Lair:6   | Identified the +0 helmet "Fylacw" {rElec MP+9}
 31687 | Lair:6   | Reached skill level 23 in Spellcasting
 31828 | Lair:6   | Identified the +8 double sword of Osuguxud {freeze, MP+9
                  | Str-4 Int+2 Stlth+}
 33077 | Orc:1    | Entered Level 1 of the Orcish Mines
 33163 | Orc:1    | Noticed an orc warlord
 33270 | Shoals:1 | Entered Level 1 of the Shoals
 33500 | D:9      | Killed an orc warlord
 33554 | Orc:1    | Reached ****** piety under Vehumet
 33560 | Orc:1    | Reached XP level 16. HP: 34/92 MP: 45/45
 33565 | Orc:1    | HP: 4/92 [orc knight (11)]
 33570 | Orc:1    | Offered knowledge of Fireball by Vehumet.
 33998 | Orc:2    | Entered Level 2 of the Orcish Mines
 34013 | Orc:2    | Found Ereposos's Antique Armour Shop.
 34212 | Orc:1    | You are sucked into a shaft and drop 1 floor!
 34212 | Orc:2    | Found Huciosus's Antique Armour Boutique.
 34382 | Orc:2    | Found a staircase to the Elven Halls.
 34627 | Orc:2    | Noticed Sonja
 34634 | Orc:2    | Killed Sonja
 34772 | Orc:2    | Found Icluon's Antique Armour Shop.
 34823 | Orc:2    | Found Wank's Jewellery Boutique.
 34831 | Orc:2    | Learned a level 5 spell: Fireball
 34859 | Orc:2    | Found an ancient bone altar of Kikubaaqudgha.
 34864 | Orc:2    | Offered knowledge of Orb of Destruction by Vehumet.
 34924 | Orc:2    | Found Juhoz's Book Shop.
 34925 | Orc:2    | Noticed Erolcha
 34987 | Orc:2    | Killed Erolcha
 35107 | Orc:2    | Found a radiant altar of Vehumet.
 35227 | Orc:2    | Found Koiffott's Magic Scroll Shop.
 35332 | Orc:2    | Bought a scroll of blinking for 90 gold pieces
 35332 | Orc:2    | Bought a scroll of identify for 24 gold pieces
 35332 | Orc:2    | Bought a scroll of identify for 24 gold pieces
 35332 | Orc:2    | Bought a scroll of identify for 24 gold pieces
 35332 | Orc:2    | Bought a scroll of magic mapping for 42 gold pieces
 35334 | Orc:2    | Identified 3 scrolls of acquirement
 35768 | Shoals:1 | Killed from afar by a manticore

Illustrated notes

Levels and vault maps discovered:
D:1:      roderic_crop_circles_arrival_small, layout_loops_ring
D:2:      layout_basic, dreamdust_ecumenical_altar_sealed_demon, st_stairs_4
D:3:      layout_basic, marbit_many_paths, grunt_temple_overflow_open,
          hangedman_decor_points, chequers_big_river
D:4:      layout_cave_pods, st_stairs_12, minmay_fire_ice_demons,
          uniq_crazy_yiuf_cottage
D:5:      layout_basic, nicolae_overflow_hidden_temple, kennysheep_mini_moat,
          minmay_temple_entry_hall, ebering_ghost_sewer_f, hex_large
D:6:      layout_basic, zin_treasury, serial_shops, nicolae_stop_n_shop_2,
          minivault_23, uniq_edmund, uniq_sigmund
D:7:      layout_loops_ring, minmay_misc_feat_columns, kennysheep_boxes,
          uniq_harold, uniq_maggie
D:8:      layout_basic, mainiacjoe_overflow_chevrons,
          nicolae_elyvilon_peaceful_grove, minmay_manual_moon
D:9:      layout_stronghold, david_orc_1_choice,
          minmay_fractal_squares_gapless_5, uniq_pikel, uniq_joseph
D:10:     layout_long_grid
D:11:     minmay_the_grid_octo_triangle [minmay_the_grid_octo_77,
          minmay_the_grid_octo_prize_ultimate_mussel_roller,
          minmay_the_grid_octo_focus], layout_long_grid,
          portal_ice_cave_demonic_guard
D:12:     layout_grid_maze, uniq_nergalle
D:13:     layout_basic, erik_vaults_1
D:14:     layout_layer_cave, uniq_frances, uniq_agnes
D:15:     grunt_enter_depths_giant_problem, layout_gridville,
          nicolae_hepliaklqana_ecumenical_no_more, serial_shops, shop,
          nicolae_trove_entry_crossroad
Temple:   hc_temple_tempest_star
Lair:1:   layout_roguey [special_room_bee], nzn_masters_of_martial_movement
Lair:2:   layout_regular_city, minmay_shoals_entry_centaurs, spider_nest_entry_a
Lair:3:   layout_cave_shapes, beast_lair_carwin_4, uniq_snorg, uniq_gastronok,
          uniq_rupert
Lair:4:   layout_roguey, ebering_ghost_inner_flame, lemuel_fruit_fields,
          wad_woods_river_01, lemuel_fruit_tree, infiniplex_staircase_pool_2,
          serial_bayou_shore_b
Lair:5:   layout_cave_pods, slime_altar_2, nicolae_volcano_entry_batcave
Lair:6:   due_jungle_book, layout_regular_city
Shoals:1: layout_shoals
Orc:1:    layout_diamond_mine, nicolae_orc_crystal_geode
Orc:2:    kennysheep_orc_mage_school, layout_diamond_mine, serial_shops,
          nicolae_lakefront_shop, guppyfry_orc_lava_fort, uniq_sonja

Skill      XL: |  1  2  3  4  5  6  7  8  9 10 11 12 13 14 15 16 |
---------------+-------------------------------------------------+-----
Spellcasting   | 5 6 7 9 10 12 14 16 18 20 21 23 | 23.9
Conjurations   | 2 3 4 5 7 8 9 10 12 13 14 | 14.7
Fighting       | 1 2 3 4 5 7 |  7.4
Armour         | 1 3 4 5 6 7 |  7.0
Fire Magic     | 1 2 4 6 7 8 10 11 12 13 14 | 14.3
Dodging        | 3 |  3.0
Air Magic      | 1 |  1.0
Poison Magic   | 1 |  1.0
Stealth        | 3 4 |  4.1
Evocations     | 1 |  1.2
Earth Magic    | 1 |  1.1
Ice Magic      | 1 |  1.0
Necromancy     | 1 |  1.0
Shields        | 1 4 |  4.5
Summonings     | |  1.1
Translocations | |  1.1

Action                   |  1- 3 |  4- 6 |  7- 9 | 10-12 | 13-15 | 16-18 || total
-------------------------+-------+-------+-------+-------+-------+-------++-------
Melee: Whip              |       |    11 |       |       |       |       ||    11
       War axe           |       |    15 |    65 |   198 |   105 |       ||   383
       Double sword      |       |       |       |       |    20 |     7 ||    27
 Cast: Magic Dart        |   118 |   109 |   115 |    45 |    10 |    37 ||   434
       Call Imp          |     1 |     2 |     6 |     8 |     8 |       ||    25
       Mephitic Cloud    |       |    10 |    26 |    37 |    57 |     2 ||   132
       Conjure Flame     |       |     1 |    24 |    57 |    37 |       ||   119
       Blink             |       |       |     1 |     2 |    13 |     1 ||    17
       Stone Arrow       |       |       |       |   135 |   529 |    63 ||   727
       Freezing Cloud    |       |       |       |     6 |   128 |    17 ||   151
       Fireball          |       |       |       |       |       |    35 ||    35
Evoke: Wand              |       |       |       |     2 |    14 |       ||    16
       Tin of tremorston |       |       |       |       |     2 |       ||     2
  Use: Scroll            |       |       |       |    12 |    10 |     3 ||    25
       Potion            |       |       |       |       |     1 |       ||     1
 Stab: Confused          |       |     1 |     5 |     5 |     4 |     2 ||    17
       Distracted        |       |       |       |     1 |       |       ||     1
Armor: Leather armour    |     3 |    18 |    36 |       |       |       ||    57
       Steam dragon scal |       |       |     1 |   105 |       |       ||   106
       Acid dragon scale |       |       |       |    50 |    96 |       ||   146
       Fire dragon scale |       |       |       |       |   122 |    28 ||   150
Dodge: Dodged            |     8 |    14 |    61 |   219 |   205 |    27 ||   534
Block: Buckler           |       |       |       |       |       |    14 ||    14

Table legend: (Time is in decaauts)
 A = Elapsed time spent in this place.
 B = Non-inter-level travel time spent in this place.
 C = Inter-level travel time spent in this place.
 D = Time resting spent in this place.
 E = Time spent auto-exploring this place.
 F = Levels seen in this place.
 G = Mean time per level.
                   A        B        C        D        E       F      G
               +--------+--------+--------+--------+--------+-----+--------+
         Total |  36081 |  33693 |   2388 |   4650 |  22935 |  27 | 1336.3 |
       Dungeon |  22657 |  20971 |   1686 |   2481 |  15313 |  15 | 1510.5 |
        Temple |     69 |     63 |      6 |      0 |      0 |   1 |   69.0 |
          Lair |   8971 |   8424 |    547 |   1191 |   5545 |   6 | 1495.2 |
        Shoals |     59 |     59 |      0 |      0 |     29 |   1 |   59.0 |
  Orcish Mines |   2102 |   1956 |    146 |    100 |   1385 |   2 | 1051.0 |
      Ice Cave |   1693 |   1693 |      0 |    742 |    442 |   1 | 1693.0 |
       Volcano |    527 |    527 |      0 |    136 |    220 |   1 |  527.0 |
               +--------+--------+--------+--------+--------+-----+--------+

Top non-repeatable levels by time:
  Lair:6: 2529 daAuts
    D:11: 2119 daAuts
     D:9: 2105 daAuts
    D:14: 1968 daAuts
     D:5: 1855 daAuts
   IceCv: 1693 daAuts
     D:7: 1661 daAuts
    D:13: 1649 daAuts
  Lair:2: 1521 daAuts
     D:4: 1494 daAuts
  Lair:1: 1462 daAuts
     D:8: 1438 daAuts
  Lair:4: 1423 daAuts
   Orc:2: 1398 daAuts
    D:12: 1369 daAuts
